 Dungeon Crawl Stone Soup version 0.25-a0-875-geaba134f46 (webtiles) character file.

Game seed: 12605664703793903071, levelgen mode: deterministic

13272 tilp the Quickloader (level 12, -10/77 HPs)
             Began as a Kobold Arcane Marksman on May 1, 2020.
             Was a High Priest of Okawaru.
             Mangled by a polar bear (12 damage)
             ... in an ice cave.
             The game lasted 00:49:31 (18931 turns).

tilp the Quickloader (Kobold Arcane Marksman)      Turns: 18931, Time: 00:49:32

Health: -10/77     AC:  9    Str: 14    XL:     12   Next: 30%
Magic:  16/18      EV: 22    Int: 16    God:    Okawaru [*****.]
Gold:   610        SH:  9    Dex: 15    Spells: 5/15 levels left

rFire    . . .     SeeInvis .   a - +0 hand crossbow
rCold    + + .     Gourm    .   e - +0 buckler
rNeg     . . .     Faith    .   N - +1 robe {rC+ rF+}
rPois    .         Spirit   .   z - +2 helmet
rElec    .         Reflect  +   (no cloak)
rCorr    .         Harm     .   M - +2 pair of gloves
MR       .....                  (no boots)
Stlth    +++.......             C - +3 amulet of reflection
HPRegen  0.22/turn              U - ring of ice
MPRegen  0.16/turn              L - +3 ring of strength

@: no status effects
A: small, carnivore
a: Heroism, Finesse, Renounce Religion


You were in an ice cave.
You worshipped Okawaru.
Okawaru was extremely pleased with you.
You were very full.

You visited 2 branches of the dungeon, and saw 12 of its levels.
You also visited: Ossuary, Bailey and Ice Cave.

You collected 610 gold pieces.

Inventory:

Hand Weapons
 a - a +0 hand crossbow (weapon)
 b - a +1 dagger of electrocution
 d - a +1 vorpal hand axe
 n - a +0 morningstar
 H - a +2 scimitar of flaming
Missiles
 k - 7 boomerangs
 o - 6 atropa-tipped darts
 u - 56 poisoned darts
 v - 91 bolts (quivered)
 y - 6 datura-tipped darts
Armour
 e - a +0 buckler (worn)
 z - a +2 helmet (worn)
 M - a +2 pair of gloves (worn)
 N - a +1 robe of resistance (worn)
Jewellery
 g - an uncursed ring of resist corrosion
 C - a +3 amulet of reflection (around neck)
 L - a +3 ring of strength (right hand)
 T - a cursed amulet of inaccuracy {unknown}
 U - a ring of ice (left hand)
Wands
 i - a wand of paralysis (21)
 p - a wand of disintegration (13)
 t - a wand of polymorph (11)
 O - a wand of clouds (4)
 S - a wand of iceblast (9)
Scrolls
 f - 8 scrolls of remove curse
 h - a scroll of fog
 l - a scroll of torment {unknown}
 q - a scroll of magic mapping
 w - a scroll of immolation
 B - a scroll of random uselessness {unknown}
 F - a scroll of fear {unknown}
 G - a scroll of amnesia
 I - a scroll of blinking {unknown}
Potions
 j - 2 potions of resistance
 m - a potion of might
 r - 2 potions of curing
 s - 2 potions of stabbing
 x - 2 potions of ambrosia
 A - a potion of flight
 D - 2 potions of invisibility
 E - a potion of heal wounds
 J - a potion of mutation
 K - 2 potions of haste
 P - 2 potions of brilliance {unknown}
 R - 2 potions of berserk rage
Comestibles
 c - 24 rations
 Q - 3 chunks of flesh


   Skills:
 - Level 10.0 Fighting
 - Level 10.0 Crossbows
 - Level 10.0 Dodging
 - Level 4.0 Stealth
 - Level 4.0 Shields
 - Level 2.0 Spellcasting
 - Level 6.0 Hexes
 + Level 8.0 Invocations
 + Level 6.9 Evocations


You had 5 spell levels left.
You knew the following spells:

 Your Spells              Type           Power        Failure   Level  Hunger
a - Corona                Hex            ###....      1%          1    #......
b - Slow                  Hex            ###.....     3%          2    ###....
c - Portal Projectile     Hex/Tloc       ##....       21%         3    ###....
d - Cause Fear            Hex            ###.......   21%         4    #####..

Your spell library contained the following spells:

 Spells                   Type           Power        Failure   Level  Hunger
 Inner Flame              Hex/Fire       ##......     21%         3    ###....
 Sublimation of Blood     Necr           #.........   34%         2    ###....
 Ignite Poison            Fire/Tmut/Pois #.......     56%         3    ###....
 Leda's Liquefaction      Hex/Erth       ##........   56%         4    #####..
 Petrify                  Tmut/Erth      #.......     93%         4    #####..
 Alistair's Intoxication  Tmut/Pois      #.......     100%        5    ######.
 Irradiate                Conj/Tmut      #.........   100%        5    ######.
 Eringya's Noxious Bog    Tmut/Pois      #.........   100%        6    #######


Dungeon Overview and Level Annotations

Branches:
Dungeon (11/15)            Temple (1/1) D:4            Lair (0/6) D:9
    Orc (0/2) D:10        Ossuary (visited)          Bailey (visited)
  IceCv (1/1)

Altars:
Ashenzari
Cheibriados
Dithmenos
Elyvilon
Fedhas
Gozag
Hepliaklqana
Kikubaaqudgha
Makhleb
Nemelex Xobeh
Okawaru
Qazlal
Ru
Sif Muna
Trog
Uskayaw
Vehumet
Wu Jian
Xom
Yredelemnul
Zin
The Shining One
Beogh

Shops:
D:7 (   D:8 :

Annotations:
D:5 Grinder
D:6 3 runed translucent doors, DogServant's ghost, novice KoAs


Innate Abilities, Weirdness & Mutations

You are small and have problems with some larger weapons.
You are carnivorous and can eat meat at any time.


Message History

Press: ? - help, Shift-Dir - straight line, f/p - polar bear
Aim: a polar bear (almost dead, berserk, fast, unusually strong)
You shoot a bolt. The bolt hits the polar bear!
The polar bear is almost dead.
The polar bear misses you. You block the polar bear's attack.
The polar bear completely misses you.
Your magical contamination has completely faded away.
Firing (i - inventory. (/) - cycle)
v - 92 bolts (quivered)
Press: ? - help, Shift-Dir - straight line, f/p - polar bear
Aim: a polar bear (almost dead, berserk, fast, unusually strong)
You shoot a bolt.
The bolt hits the polar bear but does no damage.
The polar bear is almost dead.
The polar bear bites you!!
* * * LOW HITPOINT WARNING * * *
The polar bear claws you.
* * * LOW HITPOINT WARNING * * *
The polar bear claws you but does no damage.
The polar bear bites you!
You die...

#.#......##
.(
#..#..####
#(# #.##.##
##.(.#
#.####
.#(.# ##.#
#.(.# #.##
.(. #..##
##(#
##..###h#
#.@##..#
#.##h..##
##...(##
##..## ####


You could see a polar bear (berserk).

Vanquished Creatures
  Erica (D:9)
  2 two-headed ogres (D:10)
  A gargoyle (D:8)
  An ice statue (IceCv)
  2 ice devils (D:11)
  A hornet (D:8)
  4 polar bears (IceCv)
  A hippogriff (D:11)
  A wyvern (D:8)
  8 yaks
  A hungry ghost (D:7)
  2 wargs (D:9)
  A sky beast (D:7)
  6 ice beasts
  12 orc warriors
  A black bear (D:9)
  3 phantoms
  5 ogres
  7 centaurs
  8 wolves (IceCv)
  3 big kobolds
  5 bullfrogs
  3 water moccasin zombies (Ossuary)
  7 killer bees
  A water moccasin skeleton (D:7)
  5 scorpions
  3 howler monkeys
  5 crimson imps
  A bullfrog zombie (D:5)
  3 hounds
  3 jellies
  2 centaur skeletons (D:10)
  3 bullfrog skeletons
  12 orc priests
  3 iguanas
  8 worker ants
  Natasha (thrice) (D:3)
  8 orc wizards
  2 big kobold zombies (Ossuary)
  2 mummies (Ossuary)
  2 worker ant zombies
  12 adders
  8 adder zombies
  An adder skeleton (D:9)
  A worm (D:4)
  A dart slug (D:1)
  2 leopard geckos
  35 orcs
  A ball python (D:3)
  2 giant cockroaches (D:3)
  3 gnoll zombies (Ossuary)
  11 goblins
  8 hobgoblins
  19 jackals
  22 kobolds
  2 quokkas
  3 bats
  7 frilled lizards
  A giant cockroach zombie (D:5)
  5 hobgoblin zombies (Ossuary)
  A jackal skeleton (D:4)
  2 kobold zombies (Ossuary)
  2 orc zombies (Ossuary)
  3 rats
304 creatures vanquished.

Vanquished Creatures (others)
  A polar bear (IceCv)
  A yak (IceCv)
  2 orc warriors (Bailey)
  2 centaurs
  A wolf (IceCv)
  2 orcs (Bailey)
  A kobold (D:10)
10 creatures vanquished.

Grand Total: 314 creatures vanquished

Notes
Turn   | Place    | Note
-------+----------+-------------------------------------------
     0 | D:1      | tilp the Kobold Arcane Marksman began the quest for the
                  | Orb.
     0 | D:1      | Reached XP level 1. HP: 12/12 MP: 2/2
   125 | D:1      | Reached XP level 2. HP: 16/16 MP: 3/3
   129 | D:1      | Learned a level 2 spell: Slow
   787 | D:1      | Reached XP level 3. HP: 16/20 MP: 4/4
  1396 | D:2      | Reached XP level 4. HP: 25/25 MP: 5/5
  1578 | D:2      | Reached skill level 5 in Crossbows
  1629 | D:2      | Noticed an ogre
  1634 | D:2      | Killed an ogre
  1634 | D:2      | Reached XP level 5. HP: 22/30 MP: 6/6
  1950 | D:3      | Reached skill level 1 in Shields
  2065 | D:3      | Noticed Natasha
  2101 | D:3      | Killed Natasha
  2112 | D:3      | Noticed Natasha
  2323 | D:3      | Killed Natasha
  2323 | D:3      | Reached XP level 6. HP: 36/36 MP: 7/7
  2823 | D:3      | Noticed Natasha
  2832 | D:3      | Killed Natasha
  2955 | D:4      | Noticed an ogre
  3010 | D:3      | Killed an ogre
  3113 | D:4      | Noticed an ogre
  3120 | D:4      | Killed an ogre
  3120 | D:4      | Reached XP level 7. HP: 26/43 MP: 8/8
  3581 | D:4      | Found a staircase to the Ecumenical Temple.
  3591 | Temple   | Entered the Ecumenical Temple
  4123 | D:5      | Entered Level 5 of the Dungeon
  4244 | D:5      | Found a sand-covered staircase.
  4248 | Ossuary  | Entered an ossuary
  4320 | Ossuary  | Reached XP level 8. HP: 34/48 MP: 9/11
  5088 | D:5      | Found a blossoming altar of Fedhas.
  5107 | D:5      | Noticed Grinder
  5360 | D:4      | Reached skill level 5 in Hexes
  5601 | D:5      | Reached skill level 1 in Stealth
  5792 | D:5      | Found a glowing golden altar of the Shining One.
  6094 | D:5      | Found an iron altar of Okawaru.
  6112 | D:5      | Became a worshipper of Warmaster Okawaru
  6193 | D:5      | Paralysed by Grinder for 7 turns
  6436 | D:5      | Reached XP level 9. HP: 42/53 MP: 12/12
  6619 | D:6      | Reached skill level 5 in Fighting
  6638 | D:6      | Noticed DogServant's ghost (novice KoAs)
  6639 | D:6      | Found a runed translucent gate.
  6640 | D:6      | Found a runed translucent gate.
  6641 | D:6      | Found a runed translucent gate.
  6662 | D:6      | Identified the +4 chain mail "Jaikaoc" {Dex+9}
  6922 | D:6      | Reached skill level 5 in Dodging
  7355 | D:6      | Reached * piety under Okawaru
  7355 | D:6      | Reached skill level 1 in Invocations
  7355 | D:6      | Reached skill level 1 in Evocations
  7450 | D:6      | Found a roughly hewn altar of Beogh.
  8080 | D:7      | Found Ilaf's Weapon Shop.
  8300 | D:7      | Reached XP level 10. HP: 60/60 MP: 13/13
  8309 | D:7      | Found an ornate altar of the Wu Jian Council.
  8461 | D:8      | Reached skill level 5 in Invocations
  8553 | D:8      | Found Asahik's Book Boutique.
  8586 | D:8      | Found a sacrificial altar of Ru.
  8618 | D:8      | Found a flagged portal.
  8627 | Bailey   | Entered a bailey
 10775 | Bailey   | Reached ** piety under Okawaru
 11987 | Bailey   | Found a roughly hewn altar of Beogh.
 11987 | Bailey   | Noticed an orc knight
 12110 | D:8      | Noticed a gargoyle
 12147 | D:8      | Paralysed by a hornet for 3 turns
 12153 | D:8      | Paralysed by a hornet for 1 turns
 12780 | D:8      | Killed a gargoyle
 12887 | D:8      | Reached skill level 10 in Crossbows
 13022 | D:8      | Reached *** piety under Okawaru
 13300 | D:8      | Found an opulent altar of Gozag.
 13945 | D:8      | Learned a level 3 spell: Portal Projectile
 13950 | D:8      | Learned a level 4 spell: Cause Fear
 14031 | D:9      | Reached XP level 11. HP: 42/66 MP: 15/15
 14406 | D:9      | Found a staircase to the Lair.
 14653 | D:9      | Found a stormy altar of Qazlal.
 14864 | D:9      | Noticed Erica
 15525 | D:9      | Killed Erica
 15635 | D:9      | Reached **** piety under Okawaru
 15723 | D:10     | Entered Level 10 of the Dungeon
 15955 | D:10     | Noticed a two-headed ogre
 15991 | D:10     | Killed a two-headed ogre
 16454 | D:10     | Noticed a two-headed ogre
 16479 | D:10     | Killed a two-headed ogre
 16479 | D:10     | Reached skill level 10 in Dodging
 16621 | D:10     | Found a staircase to the Orcish Mines.
 16755 | D:10     | Received a gift from Okawaru
 16913 | D:10     | Reached skill level 10 in Fighting
 17154 | D:11     | Reached XP level 12. HP: 31/77 MP: 16/16
 17155 | D:11     | Found a frozen archway.
 17339 | IceCv    | Entered an ice cave
 17346 | IceCv    | Reached skill level 5 in Evocations
 17371 | IceCv    | Received a gift from Okawaru
 18894 | IceCv    | Reached ***** piety under Okawaru
 18931 | IceCv    | HP: 2/77 [polar bear (3)]
 18931 | IceCv    | Mangled by a polar bear

Levels and vault maps discovered:
D:1:      dpeg_arrival_tiny_f, layout_loops_cross, roderic_roman_lattice
D:2:      layout_loops_cross, minmay_misc_feat_room
D:3:      layout_basic, first_ration, st_stairs_6, minmay_misc_feat_rugged,
          uniq_natasha
D:4:      layout_loops_cross, minmay_temple_entry_grid, grunt_ministairs_7
D:5:      layout_rooms, lemuel_coloured_pillars_altar,
          kennysheep_okawaru_gauntlet, tso_metal_star, enter_ossuary_5,
          uniq_grinder
D:6:      layout_gridville, biasface_ghost_orc_armoury
D:7:      layout_basic, old_standard_altar, serial_shops, kennysheep_mini_moat
D:8:      layout_basic, old_standard_altar, basic_altar, enter_bailey_2,
          serial_shops, shop_statue
D:9:      layout_irregular_city, marbit_many_paths, erik_lair_orcish_takeover,
          uniq_erica
D:10:     layout_cave_pools, hiddenorc1_lemuel
D:11:     layout_stronghold, portal_ice_cave_demonic_guard, uniq_grum
Temple:   eino_temple_scatter_basement
IceCv:    ice_cave_caverns_02

Skill      XL: |  1  2  3  4  5  6  7  8  9 10 11 12 |
---------------+-------------------------------------+-----
Crossbows      | 3 4 6 10 | 10.0
Shields        | 1 2 4 |  4.0
Fighting       | 2 4 6 10 | 10.0
Spellcasting   | 2 |  2.0
Hexes          | 6 |  6.0
Stealth        | 3 4 |  4.0
Dodging        | 3 6 7 10 | 10.0
Invocations    | 4 6 8 |  8.0
Evocations     | 4 6 |  6.9

Action                   |  1- 3 |  4- 6 |  7- 9 | 10-12 || total
-------------------------+-------+-------+-------+-------++-------
Melee: Dagger            |    38 |    54 |   364 |   346 ||   802
       Morningstar       |       |       |    12 |       ||    12
 Fire: Hand crossbow     |    47 |    59 |   103 |   641 ||   850
Throw: Boomerang         |       |       |     5 |       ||     5
       Dart              |       |       |     3 |       ||     3
 Cast: Corona            |       |     2 |       |     3 ||     5
       Slow              |       |     5 |     1 |    18 ||    24
Invok: Heroism           |       |       |       |    11 ||    11
Evoke: Wand              |       |       |       |     4 ||     4
  Use: Scroll            |     4 |     4 |    13 |    12 ||    33
       Potion            |       |       |     2 |     9 ||    11
 Stab: Sleeping          |     2 |       |     1 |     5 ||     8
  Eat: Chunk             |    10 |     6 |    25 |    34 ||    75
Armor: Robe              |    11 |     9 |    27 |    67 ||   114
       Leather armour    |       |       |    14 |    33 ||    47
       Skin              |       |       |       |    55 ||    55
Dodge: Dodged            |    42 |    63 |   227 |   633 ||   965
Block: Buckler           |       |       |   107 |   435 ||   542
       Reflection        |       |       |       |    63 ||    63

Table legend:
 A = Non-vault XP
 B = Vault XP
 C = Vault XP percentage of total XP
 D = Non-vault monster count
 E = Vault monster count
 F = Vault count percentage of total count
                 A         B        C        D         E       F
            +---------+---------+-------+---------+---------+-------
      Total |   11123 |    7837 |  41.3 |     210 |     101 |  32.5
            +---------+---------+-------+---------+---------+-------
        D:1 |      33 |       0 |   0.0 |      18 |       0 |   0.0
        D:2 |     172 |       0 |   0.0 |      18 |       0 |   0.0
        D:3 |     115 |     160 |  58.2 |      13 |       4 |  23.5
        D:4 |     565 |      44 |   7.2 |      15 |       3 |  16.7
        D:5 |     555 |       4 |   0.7 |      12 |       2 |  14.3
        D:6 |     916 |       0 |   0.0 |      18 |       0 |   0.0
        D:7 |     985 |       0 |   0.0 |      15 |       0 |   0.0
        D:8 |    2463 |       0 |   0.0 |      40 |       0 |   0.0
        D:9 |    1648 |    1548 |  48.4 |      29 |      10 |  25.6
       D:10 |    3015 |     320 |   9.6 |      23 |      17 |  42.5
       D:11 |     656 |     650 |  49.8 |       9 |       2 |  18.2
    Ossuary |       0 |     375 | 100.0 |       0 |      26 | 100.0
     Bailey |       0 |    1342 | 100.0 |       0 |      19 | 100.0
      IceCv |       0 |    3394 | 100.0 |       0 |      18 | 100.0
            +---------+---------+-------+---------+---------+-------
